 Dungeon Crawl Stone Soup version 0.31-a0-188-g5e087ee2ca (webtiles) character file.

Game seed: 1000048394386649720

116 qw the Skirmisher (level 4, 0/25 HPs)
             Began as a Deep Elf Hunter on June 23, 2023.
             Slain by a gnoll
             ... wielding a +0 whip
              (3 damage)
             ... on level 4 of the Dungeon.
             The game lasted 00:00:43 (1967 turns).

qw the Skirmisher (Deep Elf Hunter)                 Turns: 1967, Time: 00:00:43

Health: 0/25       AC:  7    Str: 10    XL:     4   Next: 69%
Magic:  6/6        EV: 11    Int: 14    God:
Gold:   120        SH:  0    Dex: 18    Spells: 3/3 levels left

rFire   . . .        Y - +1 shortbow
rCold   . . .        (shield currently unavailable)
rNeg    . . .        g - +0 ring mail
rPois   .            b - +0 helmet
rElec   .            (no cloak)
rCorr   .            j - +0 pair of gloves
SInv    .            (no boots)
Will    .....        (no amulet)
Stlth   +            (no ring)
HPRegen 0.24/turn    (no ring)
MPRegen 0.10/turn

%: no passive effects
@: about to teleport
A: no striking features
a: no special abilities


You were on level 4 of the Dungeon.
You visited 1 branch of the dungeon, and saw 4 of its levels.

You collected 120 gold pieces.


   Skills:
 - Level 1.5 Fighting
 + Level 8.1 Ranged Weapons
 - Level 2.4 Dodging
 - Level 1.2 Stealth


You had 3 spell levels left.
You didn't know any spells.
Your spell library was empty.

Inventory:

Hand Weapons
 Y - a +1 shortbow (weapon)
Armour
 b - a +0 helmet (worn)
 g - a +0 ring mail (worn)
 j - a +0 pair of gloves (worn)
Potions
 a - 2 potions of curing {unknown}
 c - a potion of attraction {unknown}
 d - a potion of cancellation
 f - a potion of lignification {unknown}
 h - a potion of might {unknown}
 k - a potion of haste {unknown}

Dungeon Overview and Level Annotations

Branches:
Dungeon (4/15)
 Temple: D:4-7

Altars:
Nemelex Xobeh
Uskayaw
The Shining One

Shops:
D:1 =


Message History

You hear a shout!
You shoot an arrow. The arrow hits the gnoll.
The gnoll is severely wounded.
The gnoll hits you with a +0 club.
You shoot an arrow. The arrow hits the gnoll!
You kill the gnoll!
Your Ranged Weapons skill increases to level 8!
You shoot an arrow. The arrow hits the gnoll!
The gnoll is severely wounded.
You shoot an arrow. The arrow closely misses the gnoll.
The gnoll hits you with a +0 whip. The gnoll hits you with a +0 club.
You shoot an arrow. The arrow barely misses the gnoll.
The gnoll barely misses you.
You shoot an arrow. The arrow closely misses the gnoll.
The gnoll closely misses you.
You shoot an arrow. The arrow hits the gnoll.
The gnoll is severely wounded.
The gnoll hits you with a +0 club. The gnoll hits you but does no damage.
You shoot an arrow. The arrow hits the gnoll.
You kill the gnoll!
You shoot an arrow. The arrow hits the gnoll.
The gnoll is heavily wounded.
The gnoll hits you with a +0 club.
You shoot an arrow. The arrow closely misses the gnoll.
The gnoll barely misses you. The gnoll hits you but does no damage.
The gnoll closely misses you. The gnoll hits you with a +0 club.
You shoot an arrow. The arrow completely misses the gnoll.
The gnoll hits you with a +0 club. The gnoll hits you with a +0 whip.
1965 ||| READING scroll of teleportation.
As you read the scroll of teleportation, it crumbles to dust.
You feel strangely unstable. The gnoll barely misses you. x2
You shoot an arrow.
The arrow hits the gnoll but does no damage.
The gnoll is heavily wounded.
The gnoll closely misses you. The gnoll hits you with a +0 club.
You shoot an arrow. The arrow hits the gnoll!
The gnoll is almost dead.
The gnoll hits you with a +0 whip.
You die...

#########
#.....g@#
#.#####g#
#.#..##%#
#.#..##.#
####.#..#...
#.......#..#
#.##....#...
#.......#...
####..###


You could see 2 gnolls.

Vanquished Creatures
  2 gnolls (D:4)
  3 adders
  2 worms
  7 orcs (D:3)
  5 ball pythons
  7 endoplasms
  3 goblins
  9 hobgoblins
  3 jackals (D:1)
  A bat (D:2)
  4 frilled lizards
  2 kobolds
  5 rats
53 creatures vanquished.

Notes
Turn   | Place    | Note
-------+----------+-------------------------------------------
     0 | D:1      | qw the Deep Elf Hunter began the quest for the Orb.
     0 | D:1      | Reached XP level 1. HP: 12/12 MP: 3/3
     0 | D:1      | 0 ||| qw: Version: 0.3-a-9-g12657ce
     0 | D:1      | 0 ||| qw: Game counter: 3106
     0 | D:1      | 0 ||| qw: Always use a shield: true
     0 | D:1      | 0 ||| qw: God list: Okawaru
     0 | D:1      | 0 ||| qw: Allow faded altars: false
     0 | D:1      | 0 ||| qw: Do Orc after D:15 true
     0 | D:1      | 0 ||| qw: Do second Lair branch before Depths: true
     0 | D:1      | 0 ||| qw: Lair rune preference: random
     0 | D:1      | 0 ||| qw: Plans: Normal
     0 | D:1      | 0 ||| PLANNING D:1-11
   160 | D:1      | Reached XP level 2. HP: 16/16 MP: 4/4
   170 | D:1      | Reached skill level 6 in Ranged Weapons
   445 | D:1      | Found Lakka's Jewellery Emporium.
   448 | D:1      | 448 ||| SHOPLISTING ring "Bicemoru" {rElec rF+ rCorr Int-3}
                  | (485 gold, have 21).
   448 | D:1      | 448 ||| SHOPLISTING ring of ice (350 gold, have 21).
   448 | D:1      | 448 ||| SHOPLISTING ring of positive energy (280 gold, have
                  | 21).
   448 | D:1      | 448 ||| SHOPLISTING ring of protection from cold (350 gold,
                  | have 21).
   448 | D:1      | 448 ||| SHOPLISTING ring of protection from fire (350 gold,
                  | have 21).
   448 | D:1      | 448 ||| SHOPLISTING ring of willpower (350 gold, have 21).
   675 | D:1      | 675 ||| READING scroll labelled AMEOWA DIWKYRU.
   679 | D:1      | 679 ||| READING scroll labelled MUICSEA GIRA.
   680 | D:1      | 680 ||| DROPPING scroll of butterflies.
   700 | D:2      | 700 ||| STAIRDANCE
   817 | D:2      | Reached XP level 3. HP: 14/20 MP: 5/5
   855 | D:2      | Reached skill level 7 in Ranged Weapons
  1179 | D:2      | 1179 ||| UPGRADING to +0 helmet.
  1184 | D:2      | 1184 ||| UPGRADING to +0 ring mail.
  1194 | D:2      | 1194 ||| DROPPING +0 leather armour.
  1195 | D:2      | 1195 ||| UPGRADING to +0 pair of gloves.
  1200 | D:2      | 1200 ||| READING scroll labelled ZIGEF ADAUT.
  1201 | D:2      | 1201 ||| READING scroll labelled FEFEOLUPTA.
  1202 | D:2      | 1202 ||| READING scroll labelled NUVEALUOKI.
  1203 | D:2      | 1203 ||| DRINKING 2 fizzy purple potions.
  1301 | D:3      | Found a hide-covered altar of Uskayaw.
  1353 | D:3      | Found a glowing golden altar of the Shining One.
  1363 | D:3      | Reached XP level 4. HP: 19/25 MP: 6/6
  1389 | D:3      | 1389 ||| FLEEEEING.
  1598 | D:3      | Found a sparkling altar of Nemelex Xobeh.
  1649 | D:3      | Found a faded altar of an unknown god.
  1891 | D:3      | 1891 ||| READING scroll labelled QOEZEO FOTOI.
  1956 | D:4      | Reached skill level 8 in Ranged Weapons
  1964 | D:4      | HP: 6/25 [gnoll/+0 club (3)]
  1965 | D:4      | 1965 ||| READING scroll of teleportation.
  1967 | D:4      | Slain by a gnoll

Levels and vault maps discovered:
D:1:      dpeg_arrival_simpleton_a, layout_loops_ring, serial_shops,
          nicolae_shop_tiny_real_fake_doors
D:2:      layout_rooms
D:3:      layout_loops_ring, mainiacjoe_overflow_alcove_4,
          nicolae_overflow_crystal_walls, nicolae_overflow_hidden_temple,
          chequers_ecumenical_altar_simple_redux
D:4:      layout_basic, mainiacjoe_overflow_chevrons,
          nicolae_shop_overcharged_wands, uniq_menkaure, uniq_natasha,
          uniq_grinder, uniq_robin

Skill      XL: |  1  2  3  4 |
---------------+-------------+-----
Ranged Weapons | 6 7 8 |  8.1
Fighting       | |  1.5
Dodging        | |  2.4
Stealth        | |  1.2

Action                     |  1- 3 |  4- 6 || total
---------------------------+-------+-------++-------
   Fire: Shortbow          |    97 |    49 ||   146
    Use: Scroll            |     5 |     2 ||     7
         Potion            |     1 |       ||     1
 Armour: Leather armour    |     3 |       ||     3
         Ring mail         |       |     3 ||     3
  Dodge: Dodged            |    19 |    10 ||    29

Table legend:
 A = Non-vault XP
 B = Vault XP
 C = Vault XP percentage of total XP
 D = Non-vault monster count
 E = Vault monster count
 F = Vault count percentage of total count
                 A         B        C        D         E       F
            +---------+---------+-------+---------+---------+-------
      Total |     166 |       0 |   0.0 |      53 |       0 |   0.0
            +---------+---------+-------+---------+---------+-------
        D:1 |      31 |       0 |   0.0 |      16 |       0 |   0.0
        D:2 |      48 |       0 |   0.0 |      16 |       0 |   0.0
        D:3 |      56 |       0 |   0.0 |      18 |       0 |   0.0
        D:4 |      31 |       0 |   0.0 |       3 |       0 |   0.0
            +---------+---------+-------+---------+---------+-------
